 Dungeon Crawl Stone Soup version 0.30-b1-2-g02819fbbbe (webtiles) character file.

Game seed: 2499266844419232026

4 sanka the Ruffian (level 1, 10/20 HPs)
             Began as a Djinni Berserker on May 9, 2023.
             Was a Follower of Trog.
             Quit the game on level 1 of the Dungeon.
             The game lasted 00:00:35 (162 turns).

sanka the Ruffian (Djinni Berserker)                 Turns: 162, Time: 00:00:35

Health: 10/20      AC:  2    Str: 16    XL:     1   Next: 66%
Gold:   15         EV: 12    Int:  8    God:    Trog [*.....] SH:  0 Dex: 12

rFire   + +          .
                       - Unarmed
rCold   x . .        (no shield)
rNeg    . . .        a - +0 animal skin
rPois   ∞            (no helmet)
rElec   .            (no cloak)
rCorr   .            (no gloves)
SInv    .            (boots unavailable)
Will    .....        (no amulet)
Stlth   +            (no ring)
HPRegen 0.23/turn    (no ring)
MPRegen 0.00/turn

%: no passive effects
@: flying
A: sickness immunity, fire resistance 2, cold vulnerability 1, float, innate
caster, HP casting, extra vitality 1
a: Renounce Religion, Berserk


You were on level 1 of the Dungeon.
You worshipped Trog.
Trog was aware of your devotion.
You visited 1 branch of the dungeon, and saw 1 of its levels.

You collected 15 gold pieces.

Inventory:

Armour
 a - a +0 animal skin (worn)
Scrolls
 b - 2 scrolls of identify {unknown}


   Skills:
 - Level 3.0 Fighting
 - Level 2.0 Armour
 - Level 2.1 Dodging
 + Level 3.3 Unarmed Combat You didn't know any spells. Your spell library was empty.

Dungeon Overview and Level Annotations

Branches:
Dungeon (1/15)

Altars:


Innate Abilities, Weirdness & Mutations

You are immune to sickness and miasma.
You are immune to poison.
Your flesh is very heat resistant. (rF++)
You are vulnerable to cold. (rC-)
You float through the air rather than walking.
You learn spells naturally, not from books.
Your magical power is your life essence.
You have superior vitality. (+4 MHP)


Message History

You barely miss the hobgoblin. The hobgoblin misses you.
You hit the hobgoblin but do no damage. The hobgoblin hits you.
You closely miss the hobgoblin. The hobgoblin barely misses you.
You hit the hobgoblin.
The hobgoblin is almost dead.
A kobold comes into view. It is wielding a +0 dagger.
The hobgoblin hits you.
You hit the hobgoblin.
You kill the hobgoblin!
Trog accepts your kill. The kobold closely misses you.
You barely miss the kobold. The kobold hits you but does no damage.
You barely miss the kobold. The kobold closely misses you.
You hit the kobold.
You kill the kobold!
Trog accepts your kill.
No target in view!
No target in view!
You start resting.
An endoplasm comes into view.
The endoplasm quivers.
A goblin comes into view. It is wielding a +0 club.
The goblin shouts!
An endoplasm comes into view.
The endoplasm quivers.
The endoplasm freezes you.
You are frozen.
You feel a terrible chill!
You are too injured to fight recklessly!
You are too injured to fight recklessly!
You are too injured to fight recklessly!
You are too injured to fight recklessly!
Unknown command.
You are too injured to fight recklessly!
Unknown command.
You are too injured to fight recklessly!
You are too injured to fight recklessly!
Unknown command.
Unknown command.
Unknown command.
Are you sure you want to abandon this character and quit the game? (Confirm with "yes".)

#. #... #..# .
...# #. ###..# ...
.... .#.
...####.#####.....
#........@J.J#
#.####...)..##...#
#.......###.# .+
..######.###.##.
............g...
..#####.####.#.#
###'####.#.#
###### #.....##.#
# .....# ##.....#
#.#


You could see 2 endoplasms and a goblin.

Vanquished Creatures
  An endoplasm (D:1)
  A hobgoblin (D:1)
  A frilled lizard (D:1)
  A kobold (D:1)
4 creatures vanquished.

Notes
Turn   | Place    | Note
-------+----------+-------------------------------------------
     0 | D:1      | sanka the Djinni Berserker began the quest for the Orb.
     0 | D:1      | Reached XP level 1. HP: 20/20 MP: 0/0
   162 | D:1      | Quit the game

Illustrated notes

Levels and vault maps discovered:
D:1:      psy_arrival_conway, layout_basic, serial_glass, glass_columns_a,
          glass_columns_a, glass_columns_c, glass_columns_b,
          minmay_misc_feat_doors

Action                     || total
---------------------------++-------
  Melee: Unarmed           ||    14
 Armour: Animal skin       ||     3
  Dodge: Dodged            ||     6
